 Seeded DCSS version 0.29-a0-885-gb26ba3297d (webtiles) character file.

Game seed: 8897551386731462229 (custom seed)

331 wilfster70 the Digger (level 6, 0/32 HPs)
             Began as a Gargoyle Earth Elementalist on July 20, 2022.
             Slain by an iguana (4 damage)
             ... on level 4 of the Dungeon.
             The game lasted 00:10:42 (3968 turns).

wilfster70 the Digger (Gargoyle Earth Elementalist) Turns: 3968, Time: 00:10:42

Health: 0/32       AC:  6    Str: 12    XL:     6   Next: 51%
Magic:  12/20      EV: 11    Int: 17    God:
Gold:   285        SH:  0    Dex: 10    Spells: 8/12 levels left

rFire   . . .      SeeInvis .   a - +1 dagger (venom)
rCold   + . .      Faith    .   (no shield)
rNeg    + . .      Spirit   .   e - +0 robe
rPois   ∞          Reflect  .   (no helmet)
rElec   +          Harm     .   (no cloak)
rCorr   .          Rampage  .   (no gloves)
Will    .....                   (no boots)
Stlth   ++........              (no amulet)
HPRegen 0.10/turn               m - ring of protection from cold
MPRegen 0.17/turn               p - ring of magical power

@: no status effects
A: sickness immunity, AC +4, negative energy resistance 1, electricity
resistance, torment resistance 1, petrification resistance
a: no special abilities


You were on level 4 of the Dungeon.
You visited 1 branch of the dungeon, and saw 4 of its levels.
You also visited: Sewer.

You collected 285 gold pieces.

Inventory:

Hand Weapons
 a - a +1 dagger of venom (weapon)
 b - a +0 sling
 i - a +0 trident
Armour
 e - a +0 robe (worn)
Jewellery
 m - a ring of protection from cold (left hand)
 p - a ring of magical power (right hand)
 s - a +6 ring of dexterity
Wands
 d - a wand of light (14)
 q - a wand of roots (5)
Scrolls
 c - a scroll of teleportation
 f - a scroll of blinking
 l - a scroll of brand weapon
 t - a scroll of enchant weapon {unknown}
Potions
 g - a potion of brilliance
 h - a potion of heal wounds
 j - 2 potions of mutation
 k - 2 potions of curing {unknown}
 n - a potion of flight {unknown}
 o - a potion of magic
 r - a potion of might {unknown}


   Skills:
 - Level 1.5 Dodging
 - Level 2.1 Stealth
 + Level 3.5 Spellcasting
 + Level 2.9 Conjurations
 - Level 0.7 Transmutations
 * Level 6.6 Earth Magic


You had 8 spell levels left.
You knew the following spells:

 Your Spells              Type           Power      Damage    Failure   Level
a - Sandblast             Erth           50%        2d12      1%          1
b - Stone Arrow           Conj/Erth      38%        3d9       7%          3

Your spell library contained the following spells:

 Spells                   Type           Power      Damage    Failure   Level
 Magic Dart               Conj           52%        1d5       4%          1
 Passwall                 Tmut/Erth      12%        N/A       5%          2
 Searing Ray              Conj           26%        2d5       8%          2
 Dazzling Flash           Conj/Hex       16%        N/A       26%         3
 Petrify                  Tmut/Erth      15%        N/A       34%         4
 Fulminant Prism          Conj/Hex       4%         3d6       65%         4
 Iskenderun's Mystic Bla  Conj/Tloc      8%         2d4       65%         4
 Starburst                Conj/Fire      4%         6d3       100%        6


Dungeon Overview and Level Annotations

Branches:
Dungeon (4/15)              Sewer (visited)
 Temple: D:4-7

Altars:
Cheibriados
Fedhas
Gozag
Hepliaklqana
Kikubaaqudgha
Makhleb
Trog
Xom


Innate Abilities, Weirdness & Mutations

You are immune to sickness and miasma.
Your stone body is resilient. (AC +4)
You are immune to poison.
You resist negative energy. (rN+)
You are resistant to electric shocks. (rElec)
You are resistant to unholy torment.
You are immune to petrification.


Message History

Press: ? - help, Shift-Dir - straight line, f/p - iguana
Aim: an iguana (heavily wounded, 83% to hit)
The blast of sand hits the iguana but does no damage.
The iguana is heavily wounded.
The iguana misses you. The iguana closely misses you.
Casting: Sandblast (safe; 1% risk of failure)
Confirm with . or Enter, or press ? or * to list all spells.
Aiming: Sandblast (safe; 1% risk of failure)
Press: ? - help, Shift-Dir - straight line, f/p - iguana
Aim: an iguana (heavily wounded, 83% to hit)
The blast of sand misses the iguana.
The iguana barely misses you. The iguana bites you.
Casting: Sandblast (safe; 1% risk of failure)
Confirm with . or Enter, or press ? or * to list all spells.
Aiming: Sandblast (safe; 1% risk of failure)
Press: ? - help, Shift-Dir - straight line, f/p - iguana
Aim: an iguana (heavily wounded, 83% to hit)
The blast of sand hits the iguana but does no damage.
The iguana is heavily wounded.
The iguana bites you. x2
* * * LOW HITPOINT WARNING * * *
Casting: Sandblast (safe; 1% risk of failure)
Confirm with . or Enter, or press ? or * to list all spells.
Aiming: Sandblast (safe; 1% risk of failure)
Press: ? - help, Shift-Dir - straight line, f/p - iguana
Aim: an iguana (heavily wounded, 83% to hit)
The blast of sand hits the iguana.
The iguana is severely wounded.
The iguana bites you.
* * * LOW HITPOINT WARNING * * *
The iguana bites you.
* * * LOW HITPOINT WARNING * * *
Casting: Sandblast (safe; 1% risk of failure)
Confirm with . or Enter, or press ? or * to list all spells.
Aiming: Sandblast (safe; 1% risk of failure)
Press: ? - help, Shift-Dir - straight line, f/p - iguana
Aim: an iguana (severely wounded, 83% to hit)
The blast of sand misses the iguana.
The iguana closely misses you. The iguana bites you.
You die...

≈≈≈≈≈.≈..# #.#.
≈...≈.≈.####.#. .#
≈._.≈.≈.# #... ..
§...≈.≈.# #..# .#
≈≈≈.≈.≈)# #..# .# #
......≈.# #..#
.##.#
≈≈≈≈≈≈≈.###..# ...
.............####l#
.####...........@.#
. #.............# #
##.####.####### #.#
#.# #.# #.# #. #.#
#. #.# #.


You could see an iguana.

Vanquished Creatures
  2 bullfrogs (Sewer)
  8 adders
  An ufetubus (D:4)
  2 worms
  A dart slug (D:1)
  An orc (D:4)
  14 ball pythons
  13 endoplasms
  17 giant cockroaches
  11 goblins
  7 hobgoblins
  5 kobolds
  9 quokkas
  6 bats
  16 frilled lizards
  4 rats
117 creatures vanquished.

Vanquished Creatures (others)
  2 plants (D:4)
2 creatures vanquished.

Grand Total: 119 creatures vanquished

Notes
Turn   | Place    | Note
-------+----------+-------------------------------------------
     0 | D:1      | wilfster70 the Gargoyle Earth Elementalist began the quest
                  | for the Orb.
     0 | D:1      | Reached XP level 1. HP: 10/10 MP: 3/3
   209 | D:1      | Reached skill level 4 in Earth Magic
   293 | D:1      | Reached XP level 2. HP: 15/15 MP: 5/5
   612 | D:1      | Reached XP level 3. HP: 19/19 MP: 2/6
   616 | D:1      | Learned a level 3 spell: Stone Arrow
  1176 | D:2      | Reached skill level 1 in Conjurations
  1176 | D:2      | Reached skill level 5 in Earth Magic
  1176 | D:2      | Reached XP level 4. HP: 24/24 MP: 2/7
  1383 | D:2      | Found a faded altar of an unknown god.
  1724 | D:2      | Found the +4 robe of Augmentation {Str+4 Int+4 Dex+4}
  1782 | D:3      | Found a shimmering altar of Xom.
  2393 | D:3      | Found a bloodstained altar of Trog.
  2543 | D:4      | Found a blossoming altar of Fedhas.
  2550 | D:4      | Found a snail-covered altar of Cheibriados.
  2576 | D:4      | Found a hazy altar of Hepliaklqana.
  2576 | D:4      | Found an ancient bone altar of Kikubaaqudgha.
  2691 | D:4      | Found a glowing drain.
  2702 | D:4      | Reached XP level 5. HP: 23/28 MP: 4/9
  2720 | D:4      | Found an opulent altar of Gozag.
  2780 | Sewer    | Entered a sewer
  3328 | Sewer    | Reached skill level 6 in Earth Magic
  3352 | Sewer    | Reached XP level 6. HP: 16/32 MP: 8/11
  3683 | D:4      | Found a burning altar of Makhleb.
  3968 | D:4      | Slain by an iguana

Illustrated notes

Levels and vault maps discovered:
D:1:      amcnicky_arrival_single_pillar, layout_basic
D:2:      layout_basic, ebering_ecumenical_altar_sacrificial,
          kennysheep_crisscross, corexii_leaking_fountain, feat_on_display
D:3:      layout_loops_cross, nicolae_overflow_hidden_temple,
          mainiacjoe_overflow_small_starburst
D:4:      layout_loops_ring, mainiacjoe_overflow_concentric_impassable,
          mainiacjoe_overflow_paths, minitemple, gammafunk_temple_overflow_wave,
          portal_sewer_entry_a, serial_bayou_pond_b

Skill      XL: |  1  2  3  4  5 |
---------------+----------------+-----
Earth Magic    | 4 5 6 |  6.6
Conjurations   | 1 2 |  2.9
Spellcasting   | 3 |  3.5
Dodging        | |  1.5
Stealth        | |  2.1
Transmutations | |  0.7

Action                   |  1- 3 |  4- 6 || total
-------------------------+-------+-------++-------
Melee: Unarmed           |     2 |       ||     2
       Dagger            |       |   125 ||   125
 Fire: Sling             |       |     8 ||     8
 Cast: Sandblast         |    38 |    74 ||   112
       Stone Arrow       |       |     1 ||     1
  Use: Scroll            |     5 |     7 ||    12
       Potion            |       |     1 ||     1
 Stab: Sleeping          |       |     2 ||     2
Armor: Robe              |     6 |    66 ||    72
Dodge: Dodged            |     7 |   146 ||   153

Table legend: (Time is in decaauts)
 A = Elapsed time spent in this place.
 B = Non-inter-level travel time spent in this place.
 C = Inter-level travel time spent in this place.
 D = Time resting spent in this place.
 E = Time spent auto-exploring this place.
 F = Levels seen in this place.
 G = Mean time per level.
                   A        B        C        D        E       F      G
               +--------+--------+--------+--------+--------+-----+--------+
         Total |   4161 |   4039 |    122 |    802 |   1455 |   5 |  832.2 |
       Dungeon |   3190 |   3068 |    122 |    314 |   1455 |   4 |  797.5 |
         Sewer |    970 |    970 |      0 |    488 |      0 |   1 |  970.0 |
               +--------+--------+--------+--------+--------+-----+--------+

Top non-repeatable levels by time:
     D:1: 1018 daAuts
   Sewer: 970 daAuts
     D:2: 820 daAuts
     D:3: 740 daAuts
     D:4: 610 daAuts
